 Seeded DCSS version 0.29-a0-96-g93358da72b (webtiles) character file.

Game seed: 8896313398491821788 (custom seed)

27 innerfire433 the Ducker (level 3, -1/30 HPs)
             Began as a Djinni Monk on Feb 10, 2022.
             Slain by a jackal (3 damage)
             ... on level 2 of the Dungeon.
             The game lasted 00:02:23 (807 turns).

innerfire433 the Ducker (Djinni Monk)                Turns: 807, Time: 00:02:24

Health: -1/30      AC:  2    Str: 12    XL:     3   Next: 25%
Gold:   31         EV: 13    Int: 11    God:
                   SH:  0    Dex: 15

rFire   + + .      SeeInvis .   a - +0 spear
rCold   x . .      Faith    .   (no shield)
rNeg    . . .      Spirit   .   b - +0 robe
rPois   ∞          Reflect  .   (no helmet)
rElec   .          Harm     .   (no cloak)
rCorr   .          Rampage  .   (no gloves)
Will    .....                   (boots unavailable)
Stlth   ++........              (no amulet)
HPRegen 0.10/turn               (no ring)
MPRegen 0.00/turn               (no ring)

@: flying
A: sickness immunity, fire resistance 2, cold vulnerability 1, float, innate
caster, HP casting, extra vitality 1
a: no special abilities


You were on level 2 of the Dungeon.
You visited 1 branch of the dungeon, and saw 2 of its levels.

You collected 31 gold pieces.

Inventory:

Hand Weapons
 a - a +0 spear (weapon)
Armour
 b - a +0 robe (worn)
Scrolls
 c - a scroll of immolation {unknown}
 d - a scroll of brand weapon {unknown}
 e - a scroll of torment {unknown}
 g - a scroll of amnesia {unknown}


   Skills:
 - Level 3.0 Fighting
 * Level 3.0 Polearms
 * Level 4.0 Dodging
 - Level 1.5 Stealth


You had one spell level left.
You knew the following spells:

 Your Spells              Type           Power      Damage    Failure   Level
a - Freeze                Ice            0%         1d3       34%         1
Your spell library was empty.

Dungeon Overview and Level Annotations

Branches:
Dungeon (2/15)

Altars:


Innate Abilities, Weirdness & Mutations

You are immune to sickness and miasma.
You are immune to poison.
Your flesh is very heat resistant. (rF++)
You are vulnerable to cold. (rC-)
You float through the air rather than walking.
You learn spells naturally, not from books.
Your magical power is your life essence.
You have superior vitality. (+4 MHP)


Message History

The jackal splashes around in the water.
The jackal bites you but does no damage.
You closely miss the jackal.
The jackal is severely wounded.
The jackal closely misses you. The jackal bites you.
The jackal bites you but does no damage.
The jackal completely misses you. The jackal closely misses you.
The jackal bites you.
* * * LOW HITPOINT WARNING * * *
You barely miss the jackal.
The jackal is severely wounded.
The jackal misses you. The jackal barely misses you. The jackal bites you.
* * * LOW HITPOINT WARNING * * *
The jackal bites you.
* * * LOW HITPOINT WARNING * * *
The jackal closely misses you.
You miss the jackal.
The jackal is severely wounded.
The jackal closely misses you. x2
The jackal bites you but does no damage.
The jackal barely misses you.
You barely miss the jackal.
The jackal is severely wounded.
The jackal barely misses you. The jackal misses you. x3
The jackal bites you but does no damage.
The jackal bites you.
* * * LOW HITPOINT WARNING * * *
The jackal misses you.
You hit the jackal but do no damage.
The jackal is severely wounded.
The jackal barely misses you. The jackal bites you.
* * * LOW HITPOINT WARNING * * *
The jackal bites you but does no damage.
The jackal bites you.
* * * LOW HITPOINT WARNING * * *
The jackal splashes around in the water.
You closely miss the jackal.
The jackal is severely wounded.
The jackal bites you.
You die...

≈≈#
#h≈≈#.#..# ≈
#≈....# ≈
#.....##.# .≈
#≈.#......
...
#.≈......#
≈≈≈≈
#.≈#######
≈....#.≈#
#.≈≈≈≈#h#####
#≈#≈≈.h@h...#
.≈.#.8#h....#
#. ##≈≈.....#
# ≈..≈....#
..##.....#
.#. #######
... .


You could see 4 jackals.

Vanquished Creatures
  A ball python (D:2)
  5 endoplasms (D:1)
  2 goblins (D:1)
  3 hobgoblins (D:1)
  3 kobolds (D:1)
  2 quokkas
  2 frilled lizards (D:1)
  6 rats (D:1)
24 creatures vanquished.

Notes
Turn   | Place    | Note
-------+----------+-------------------------------------------
     0 | D:1      | innerfire433 the Djinni Monk began the quest for the Orb.
     0 | D:1      | Reached XP level 1. HP: 20/20 MP: 0/0
     3 | D:1      | Noticed a minotaur skeleton
     5 | D:1      | Noticed a vampire
     9 | D:1      | Noticed a demonspawn zombie
    15 | D:1      | Noticed a human
   143 | D:1      | Reached XP level 2. HP: 25/25 MP: 0/0
   416 | D:1      | Reached XP level 3. HP: 30/30 MP: 0/0
   416 | D:1      | Learned a level 1 spell: Freeze
   736 | D:2      | Reached skill level 4 in Dodging
   807 | D:2      | Slain by a jackal

Illustrated notes

Levels and vault maps discovered:
D:1:      shiori_arrival_whats_in_store_for_you, layout_rooms,
          chequers_serial_rivers_room_a
D:2:      layout_loops_cross, dreamdust_ecumenical_altar_drowned_temple,
          nrook_campfire, st_stairs_9, kennysheep_boxes

Skill      XL: |  1  2  3 |
---------------+----------+-----
Dodging        | 4 |  4.0
Polearms       | 3 |  3.0
Fighting       | |  3.0
Stealth        | |  1.5

Action                   || total
-------------------------++-------
Melee: Spear             ||    88
       Punch             ||     1
  Use: Potion            ||     1
 Stab: Sleeping          ||     3
       Distracted        ||     1
Armor: Robe              ||    17
Dodge: Dodged            ||    92

Table legend: (Time is in decaauts)
 A = Elapsed time spent in this place.
 B = Non-inter-level travel time spent in this place.
 C = Inter-level travel time spent in this place.
 D = Time resting spent in this place.
 E = Time spent auto-exploring this place.
 F = Levels seen in this place.
 G = Mean time per level.
                   A        B        C        D        E       F      G
               +--------+--------+--------+--------+--------+-----+--------+
         Total |    803 |    743 |     60 |      0 |    550 |   2 |  401.5 |
       Dungeon |    803 |    743 |     60 |      0 |    550 |   2 |  401.5 |
               +--------+--------+--------+--------+--------+-----+--------+

Top non-repeatable levels by time:
     D:1: 730 daAuts
     D:2: 73 daAuts
